 Dungeon Crawl Stone Soup version 0.29.0 (webtiles) character file.

Game seed: 6955953045989334804

41 gelatine the Stinger (level 3, -2/24 HPs)
             Began as a Demonspawn Venom Mage on Aug 24, 2022.
             Slain by a quokka (5 damage)
             ... on level 2 of the Dungeon.
             The game lasted 00:04:15 (2456 turns).

gelatine the Stinger (Demonspawn Venom Mage)        Turns: 2456, Time: 00:04:18

Health: -2/24      AC:  2    Str: 10    XL:     3   Next: 32%
Magic:  5/6        EV: 12    Int: 16    God:
Gold:   110        SH:  0    Dex: 13    Spells: 5/6 levels left

rFire   . . .      SeeInvis .   c - +0 hand axe
rCold   . . .      Faith    .   (no shield)
rNeg    . . .      Spirit   .   a - +0 robe
rPois   .          Reflect  .   (no helmet)
rElec   .          Harm     .   (no cloak)
rCorr   .          Rampage  .   (no gloves)
Will    .....                   (no boots)
Stlth   ++........              (no amulet)
HPRegen 0.08/turn               (no ring)
MPRegen 0.10/turn               (no ring)

@: no status effects
A: demonic guardian 1
a: no special abilities


You were on level 2 of the Dungeon.
You visited 1 branch of the dungeon, and saw 2 of its levels.

You collected 110 gold pieces.

Inventory:

Hand Weapons
 c - a +0 hand axe (weapon)
Armour
 a - a +0 robe (worn)
Scrolls
 d - 2 scrolls of identify {unknown}
 e - a scroll of teleportation {unknown}
 j - a scroll of torment {unknown}
Potions
 b - a potion of magic
 f - a potion of cancellation {unknown}
 g - 2 potions of haste {unknown}
 h - a potion of mutation {unknown}
 i - a potion of degeneration {unknown}


   Skills:
 + Level 0.2 Axes
 + Level 1.8 Dodging
 + Level 1.9 Stealth
 + Level 2.3 Spellcasting
 + Level 1.5 Transmutations
 + Level 3.7 Poison Magic


You had 5 spell levels left.
You knew the following spells:

 Your Spells              Type           Power      Damage    Failure   Level
a - Sting                 Tmut/Pois      40%        1d5       7%          1

Your spell library contained the following spells:

 Spells                   Type           Power      Damage    Failure   Level
 Poisonous Vapours        Pois/Air       14%        N/A       14%         2
 Spider Form              Tmut/Pois      10%        N/A       21%         3
 Ensorcelled Hibernation  Hex/Ice        2%         N/A       30%         2
 Mephitic Cloud           Conj/Pois/Air  5%         N/A       36%         3
 Olgreb's Toxic Radiance  Pois           13%        N/A       41%         4
 Anguish                  Hex/Necr       0%         N/A       90%         4


Dungeon Overview and Level Annotations

Branches:
Dungeon (2/15)

Altars:


Innate Abilities, Weirdness & Mutations

A weak demonic guardian rushes to your aid.


Message History

The bat barely misses you.
You hit the bat.
You kill the bat!
You see here a bat corpse.
Your shadow imp disappears in a puff of smoke!
You now have 110 gold pieces (gained 4).
A hobgoblin comes into view.
There is a stone staircase leading down here.
The hobgoblin shouts!
The hobgoblin hits you.
You barely miss the hobgoblin. The hobgoblin barely misses you.
You hit the hobgoblin.
The hobgoblin is almost dead.
The hobgoblin hits you.
A demonic guardian appears!
You hit the hobgoblin but do no damage.
The hobgoblin is almost dead.
The hobgoblin hits you. The hobgoblin closely misses you.
You hit the hobgoblin.
You kill the hobgoblin!
Your quasit disappears in a puff of smoke!
There is a stone staircase leading down here.
A quokka comes into view.
The quokka moves out of view.
A gnoll comes into view. It is wielding a +0 whip.
A gnoll comes into view. It is wielding a +0 halberd.
Found 4 atropa-tipped darts.
Found a ring mail.
A gnoll comes into view. It is wielding a +0 flail.
Found 5 javelins.
The gnoll hits you with a +0 whip!
The sting hits the gnoll.
The gnoll is poisoned.
The gnoll is moderately wounded.
The gnoll hits you but does no damage.
You closely miss the gnoll.
The gnoll is moderately wounded.
The gnoll hits you from afar with a +0 halberd!
The gnoll hits you with a +0 whip.
* * * LOW HITPOINT WARNING * * *
A demonic guardian appears!
The quokka bites you.
You die...

###..##.##..
#..........
#.#r###.###
#.#.....#
#.#####.# #.
#.# #.. ##.##
#.#..#gr.####.#
#..([5.@......#
##.......######
#8..8#g##
~~8..8#.#
≈~~..~#(#
≈≈≈..~~~~ ~≈≈..
≈≈g ~~~. ≈≈≈


You could see 3 gnolls, a quokka and a friendly white imp (summoned).

Vanquished Creatures
  A dart slug (D:1)
  2 bats (D:2)
  5 endoplasms
  2 giant cockroaches (D:1)
  3 goblins
  4 hobgoblins
  4 kobolds
  2 ball pythons
  2 frilled lizards
  4 rats (D:1)
29 creatures vanquished.

Vanquished Creatures (collateral kills)
  A worm (D:2)
  A goblin (D:2)
  A kobold (D:2)
3 creatures vanquished.

Grand Total: 32 creatures vanquished

Notes
Turn   | Place    | Note
-------+----------+-------------------------------------------
     0 | D:1      | gelatine the Demonspawn Venom Mage began the quest for the
                  | Orb.
     0 | D:1      | Reached XP level 1. HP: 13/13 MP: 3/3
   224 | D:1      | Gained mutation: A weak demonic guardian rushes to your
                  | aid. [demonic ancestry]
   224 | D:1      | Reached XP level 2. HP: 13/19 MP: 0/5
   610 | D:1      | Reached skill level 1 in Transmutations
  1830 | D:2      | Reached XP level 3. HP: 23/24 MP: 1/6
  1833 | D:2      | Found a faded altar of an unknown god.
  2456 | D:2      | Slain by a quokka

Illustrated notes

Levels and vault maps discovered:
D:1:      onia_arrival_mini_maze, layout_basic
D:2:      wander_river, layout_loops_ring, basic_altar,
          hellmonk_ecumenical_altar_prayer_group

Skill      XL: |  1  2 |
---------------+-------+-----
Transmutations | 1 |  1.5
Axes           | |  0.2
Dodging        | |  1.8
Stealth        | |  1.9
Spellcasting   | |  2.3
Poison Magic   | |  3.7

Action                   || total
-------------------------++-------
Melee: Hand axe          ||    37
 Cast: Sting             ||    43
Armor: Robe              ||    11
Dodge: Dodged            ||    28
